 Dungeon Crawl Stone Soup version 0.29-a0-371-g91724d5b39 (webtiles) character file.

Game seed: 16921839667734776978

1684 lesaewzxc the Skirmisher (level 8, -6/106 HPs)
             Began as a Black Draconian Berserker on May 1, 2022.
             Was a Priest of Trog.
             Succumbed to a water moccasin's poison
             ... on level 7 of the Dungeon on May 2, 2022.
             The game lasted 00:46:42 (6048 turns).

lesaewzxc the Skirmisher (DrBe)                     Turns: 6048, Time: 00:46:42

Health: -6/106     AC:  8    Str: 23    XL:     8   Next: 71%
Magic:  8/8        EV: 13    Int:  7    God:    Trog [***...]
Gold:   225        SH:  4    Dex: 10    Spells: 7/7 levels left

rFire   . . .      SeeInvis .   l - +2 hand axe (freeze)
rCold   . . .      Faith    .   (no shield)
rNeg    . . .      Spirit   .   (body armour unavailable)
rPois   .          Reflect  .   (helmet restricted)
rElec   +          Harm     .   d - +1 cloak
rCorr   .          Rampage  .   (no gloves)
Will    ++...      Rnd*Tele +   (no boots)
Stlth   ..........              (no amulet)
HPRegen 1.27/turn               (no ring)
MPRegen 0.11/turn               (no ring)

@: berserking, lethally poisoned (-6 -> -26), short of breath, strong-willed,
regenerating, very quick
A: breathe lightning, AC +6, unfitting armour, electricity resistance,
cold-blooded, large bone plates 1, clumsy 1, strong 1, teleportitis 1
a: Breathe Lightning, Renounce Religion, Berserk, Trog's Hand


You were on level 7 of the Dungeon.
You worshipped Trog.
Trog was most pleased with you.
You visited 1 branch of the dungeon, and saw 7 of its levels.
You also visited: Sewer.

You collected 225 gold pieces.

Inventory:

Hand Weapons
 a - a +0 vorpal mace
 b - a +0 morningstar
 j - a +0 flail
 l - a +2 hand axe of freezing (weapon)
Missiles
 i - 2 throwing nets
Armour
 d - a +1 cloak (worn)
Wands
 g - a wand of acid (9) (quivered)
Scrolls
 e - 3 scrolls of holy word
 f - 2 scrolls of noise
 k - a scroll of identify
 m - a scroll of summoning
Potions
 c - 2 potions of haste
 h - a potion of berserk rage
 n - a potion of flight {unknown}
 o - a potion of mutation
 p - 2 potions of magic {unknown}


   Skills:
 * Level 6.8 Fighting
 * Level 3.6(5.0) Axes
 - Level 5.1(5.6) Maces & Flails
 + Level 3.6 Throwing
 * Level 5.5 Dodging
 + Level 3.5 Shields


You had 7 spell levels left.
You didn't know any spells.
Your spell library contained the following spells:

 Spells                   Type           Power      Damage    Failure   Level
 Animate Skeleton         Necr           0%         N/A       43%         1
 Pain                     Necr           0%         1d4       43%         1
 Portal Projectile        Hex/Tloc       0%         N/A       80%         3
 Vampiric Draining        Necr           0%         2d6       80%         3
 Blade Hands              Tmut           0%         N/A       100%        5
 Excruciating Wounds      Necr           0%         N/A       100%        5


Dungeon Overview and Level Annotations

Branches:
Dungeon (7/15)              Sewer (visited)
 Temple: D:4-7

Altars:
Fedhas
Hepliaklqana
Kikubaaqudgha
Makhleb
Qazlal
Sif Muna
Beogh

Shops:
D:6 [

Annotations:
D:3 3 runed translucent doors, NateTC's ghost, amateur DrGl


Innate Abilities, Weirdness & Mutations

You can breathe wild blasts of lightning.
Your glossy black scales are hard. (AC +6)
You cannot fit into any form of body armour.
You are resistant to electric shocks. (rElec)
You are cold-blooded and may be slowed by cold attacks.
You are partially covered in large bone plates. (SH +4)
You are clumsy. (Dex -2)
Your muscles are strong. (Str +2)
You are occasionally teleported next to monsters.


Message History

The water moccasin misses you.
Your skin crawls.
You feel strong-willed.
You feel sick. The water moccasin bites you!
You are more poisoned.
The water moccasin poisons you!
You miss the water moccasin.
The water moccasin is heavily wounded.
You feel very sick. The water moccasin barely misses you.
The water moccasin bites you.
* * * LOW HITPOINT WARNING * * *
You are lethally poisoned!
The water moccasin poisons you!
Okay, then.
Okay, then.
Activating: Breathe Lightning (4% risk of failure)
Press: ? - help, Dir - look around, f - activate Look: a water moccasin (heavily wounded)
You breathe a wild blast of lightning!
The orb of electricity explodes! x2
You hear a mighty clap of thunder!
* * * LOW HITPOINT WARNING * * *
You feel extremely sick.
Something shouts, "Back with thee, thou cockered ruttish dingleberry!"
You hear a shout! x5
The water moccasin bites you.
* * * LOW HITPOINT WARNING * * *
A centaur comes into view.
You hit the water moccasin. You freeze the water moccasin.
The water moccasin is severely wounded.
* * * LOW HITPOINT WARNING * * *
You feel very sick. The water moccasin bites you.
* * * LOW HITPOINT WARNING * * *
You are more poisoned.
The water moccasin poisons you!
A shadow imp comes into view.
Okay, then.
A red film seems to cover your vision as you go berserk!
You feel yourself moving faster!
You feel mighty!
You die...

##. .## ###..##
.5.# ##.....##
#...#
.#.......###...
.c...........
#..........#
..........<###
.............##
.......@......#
.......S.......#
........[........
..................
..#..........###..
. ##.......### ..
##......# ##...$##


You could see a water moccasin, a centaur and a shadow imp.

Vanquished Creatures
  Sigmund (D:6)
  Eustachio (D:5)
  A water moccasin (D:6)
  A sky beast (D:4)
  An ice beast (D:5)
  A black bear (D:4)
  An ogre (D:4)
  A centaur (D:6)
  A kobold brigand (D:6)
  A scorpion (D:4)
  A gnoll sergeant (D:6)
  A jelly (D:5)
  3 orc priests
  Terence (D:3)
  4 iguanas
  3 orc wizards
  Robin (D:3)
  8 gnolls
  4 adders
  A river rat (Sewer)
  A white imp (D:5)
  7 worms
  A dart slug (D:3)
  18 orcs
  4 bats
  10 endoplasms
  5 giant cockroaches
  14 goblins
  9 hobgoblins
  4 jackals (D:2)
  10 quokkas
  7 ball pythons
  5 frilled lizards
  14 kobolds
  12 rats
158 creatures vanquished.

Vanquished Creatures (collateral kills)
  A kobold (D:1)
1 creature vanquished.

Vanquished Creatures (others)
  A hound (D:4)
  10 plants (D:3)
11 creatures vanquished.

Grand Total: 170 creatures vanquished

Notes
Turn   | Place    | Note
-------+----------+-------------------------------------------
     0 | D:1      | lesaewzxc the Draconian Berserker began the quest for the
                  | Orb.
     0 | D:1      | Reached XP level 1. HP: 19/19 MP: 1/1
   215 | D:1      | Reached XP level 2. HP: 23/26 MP: 2/2
  1000 | D:2      | Reached XP level 3. HP: 33/33 MP: 3/3
  1006 | D:2      | Reached ** piety under Trog
  2050 | D:3      | Reached skill level 4 in Fighting
  2050 | D:3      | Reached skill level 1 in Shields
  2050 | D:3      | Reached XP level 4. HP: 24/40 MP: 4/4
  2347 | D:3      | Found a hazy altar of Hepliaklqana.
  2353 | D:3      | Noticed Terence
  2359 | D:3      | Killed Terence
  2400 | D:3      | Found a runed translucent gate.
  2401 | D:3      | Found a runed translucent gate.
  2404 | D:3      | Noticed NateTC's ghost (amateur DrGl)
  2406 | D:3      | Found a runed translucent gate.
  2842 | D:3      | Noticed Robin
  2849 | D:3      | Killed Robin
  2850 | D:3      | Reached XP level 5. HP: 18/46 MP: 5/5
  3323 | D:4      | Reached skill level 1 in Throwing
  3444 | D:4      | Noticed a sky beast
  3464 | D:4      | Killed a sky beast
  3465 | D:4      | Reached XP level 6. HP: 47/53 MP: 6/6
  3657 | D:4      | Reached skill level 5 in Fighting
  4128 | D:5      | Entered Level 5 of the Dungeon
  4128 | D:5      | Noticed an air elemental
  4128 | D:5      | Found a stormy altar of Qazlal.
  4141 | D:4      | Your scales start taking on a glossy black colour.
  4141 | D:4      | Reached XP level 7. HP: 32/61 MP: 7/7
  4141 | D:4      | Gained mutation: You are resistant to electric shocks.
                  | (rElec) [Black Draconian growth]
  4141 | D:4      | Upgraded the game from 0.29-a0-369-gd956c00756 to
                  | 0.29-a0-371-g91724d5b39
  4237 | D:5      | Reached skill level 1 in Axes
  4257 | D:5      | Noticed a water elemental
  4452 | D:5      | Noticed a fire elemental
  4520 | D:5      | Noticed Eustachio
  4522 | D:5      | Reached skill level 5 in Maces & Flails
  4544 | D:5      | Killed Eustachio
  4545 | D:5      | Reached XP level 8. HP: 27/70 MP: 8/8
  4808 | D:5      | Found a shimmering blue altar of Sif Muna.
  5251 | D:6      | Found a blossoming altar of Fedhas.
  5258 | D:6      | Reached skill level 6 in Fighting
  5269 | D:6      | Reached skill level 5 in Dodging
  5517 | D:6      | Noticed Sigmund
  5527 | D:6      | Killed Sigmund
  5528 | D:6      | Found Dejal's Armour Boutique.
  5563 | D:6      | Found an ancient bone altar of Kikubaaqudgha.
  5589 | D:6      | Gained mutation: You are occasionally teleported next to
                  | monsters. [potion of mutation]
  5589 | D:6      | Gained mutation: Your muscles are strong. (Str +2) [potion
                  | of mutation]
  5589 | D:6      | Gained mutation: You are clumsy. (Dex -2) [potion of
                  | mutation]
  5589 | D:6      | Gained mutation: You are partially covered in large bone
                  | plates. (SH +4) [potion of mutation]
  5662 | D:6      | Found a burning altar of Makhleb.
  5677 | D:6      | Found a glowing drain.
  5706 | D:6      | Reached *** piety under Trog
  5852 | Sewer    | Entered a sewer
  5958 | Sewer    | Found a shimmering altar of Xom.
  6047 | D:7      | HP: 1/71 [water moccasin (3)]
  6048 | D:7      | Succumbed to a water moccasin's poison

Illustrated notes

Levels and vault maps discovered:
D:1:      heliophobic_arrival_dark_side_of_the_moon, layout_basic, serial_shops,
          nicolae_shop_crystal
D:2:      layout_loops_corners
D:3:      minmay_skewed_foursquare, layout_basic,
          nicolae_hepliaklqana_hazy_memory, biasface_ghost_orc_armoury,
          corexii_corridor_pit, uniq_terence, uniq_robin
D:4:      minmay_wonky_spiral, layout_basic
D:5:      layout_cave_pools, led_sif_book, nicolae_qazlal_style_of_elements,
          hangedman_decor_clover_reticule, uniq_eustachio
D:6:      lemuel_ice_spiral_2, layout_basic, bloody_makhleb,
          fedhas_bush_and_centaur_altar, mainiacjoe_overflow_chevrons,
          minmay_temple_entry_drinking_statues, serial_shops,
          nicolae_diamond_shop, cheibrodos_sewer_entry_bend, uniq_sigmund
D:7:      layout_layer_cave, pdpol_wu_jian_five_deadly_venoms,
          nicolae_elevator_lobby_asterisk

Skill      XL: |  1  2  3  4  5  6  7  8 |
---------------+-------------------------+-----
Dodging        | 3 4 5 |  5.5
Fighting       | 4 5 6 |  6.8
Shields        | 1 2 3 |  3.5
Maces & Flails | 4 5 |  5.1
Throwing       | 1 2 3 |  3.6
Axes           | 2 3 |  3.6

Action                   |  1- 3 |  4- 6 |  7- 9 || total
-------------------------+-------+-------+-------++-------
Melee: Mace              |   122 |   159 |    12 ||   293
       Tailslap          |    11 |    26 |    22 ||    59
       Punch             |     1 |     4 |     1 ||     6
       Hand axe          |       |       |   188 ||   188
Throw: Boomerang         |       |     3 |       ||     3
       Throwing net      |       |       |     1 ||     1
Invok: Trog's Hand       |     1 |     5 |     7 ||    13
       Berserk           |       |     3 |     3 ||     6
 Abil: Breathe Lightning |       |       |     4 ||     4
  Use: Scroll            |     5 |     4 |       ||     9
       Potion            |     6 |       |     3 ||     9
 Stab: Sleeping          |     1 |       |       ||     1
Armor: Skin              |    61 |    73 |    86 ||   220
Dodge: Dodged            |   114 |   138 |   197 ||   449
Block: Other             |       |       |    13 ||    13

Table legend: (Time is in decaauts)
 A = Elapsed time spent in this place.
 B = Non-inter-level travel time spent in this place.
 C = Inter-level travel time spent in this place.
 D = Time resting spent in this place.
 E = Time spent auto-exploring this place.
 F = Levels seen in this place.
 G = Mean time per level.
                   A        B        C        D        E       F      G
               +--------+--------+--------+--------+--------+-----+--------+
         Total |   6203 |   6149 |     54 |      0 |   1623 |   8 |  775.4 |
       Dungeon |   6009 |   5955 |     54 |      0 |   1623 |   7 |  858.4 |
         Sewer |    194 |    194 |      0 |      0 |      0 |   1 |  194.0 |
               +--------+--------+--------+--------+--------+-----+--------+

Top non-repeatable levels by time:
     D:2: 1378 daAuts
     D:3: 1268 daAuts
     D:5: 1037 daAuts
     D:4: 1017 daAuts
     D:1: 659 daAuts
     D:6: 627 daAuts
   Sewer: 194 daAuts
     D:7: 20 daAuts
